[Event "LJ Slovak Open 2022"]
[Site "Liptovsky Jan"]
[Date "2022.06.25"]
[Round "5.14"]
[White "Zetocha, Adrian"]
[Black "Haasova, Timea"]
[Result "1-0"]
[ECO "B22"]
[WhiteElo "2331"]
[BlackElo "1811"]
[Annotator "RC"]
[PlyCount "65"]
[EventDate "2022.06.23"]
[EventType "swiss"]
[EventCountry "SVK"]
[SourceTitle "playchess.com"]
[Source "ChessBase"]
[SourceQuality "1"]
[TimeControl "3600+30"]

1. e4 c5 2. Nf3 e6 3. c3 Nf6 4. e5 Nd5 5. d4 cxd4 6. cxd4 Nc6 7. Bc4 Nb6 8. Bd3 d6 9. O-O Be7 10. Nc3 O-O 11. Qe2 f5 12. exf6 Bxf6 13. Be3 Bd7 14. Qc2 h6 15. Qb3 d5 16. Bb1 Qe7 17. Re1 Qf7 18. Nb5 Na5 19. Qd3 g5 20. Nd6 Qg7 21. Bd2 Nac4 22. Nxc4 Nxc4 23. Bb4 Rfe8 24. b3 Nb6 25. a4 Bc6 26. Ra2 a5 27. Bd6 Nc8 28. Bg3 h5 29. Be5 Bxe5 30. Rxe5 Kh8 31. Rxg5 Qh6 32. Qe3 Qf6 33. Rg6 1-0

[Event "LJ Slovak Open 2022"]
[Site "Liptovsky Jan"]
[Date "2022.06.25"]
[Round "5.15"]
[White "Volek, Jan"]
[Black "Macka, Oto"]
[Result "0-1"]
[ECO "B30"]
[WhiteElo "1687"]
[BlackElo "2026"]
[Annotator "NA RC"]
[PlyCount "44"]
[EventDate "2022.06.23"]
[EventType "swiss"]
[EventCountry "SVK"]
[SourceTitle "playchess.com"]
[Source "ChessBase"]
[SourceQuality "1"]
[TimeControl "3600+30"]

1. e4 c5 2. Nf3 Nc6 3. Nc3 e5 4. Be2 Be7 5. O-O Nf6 6. d3 O-O 7. Nd5 h6 8. Nxe7+ Qxe7 9. c3 d5 10. exd5 Nxd5 11. h3 Bf5 12. Nh2 Rad8 13. Bg4 Bh7 14. Qe2 Rd6 15. Re1 Nf6 16. d4 cxd4 17. cxd4 Nxd4 18. Qc4 Nc2 19. Be3 Nxa1 20. Rxa1 Nxg4 21. Qxg4 f5 22. Qb4 Rd1+ 0-1

[Event "LJ Slovak Open 2022"]
[Site "Liptovsky Jan"]
[Date "2022.06.25"]
[Round "5.16"]
[White "Smetana, Peter"]
[Black "Stric, Dusan"]
[Result "1-0"]
[ECO "B34"]
[WhiteElo "1740"]
[BlackElo "2021"]
[Annotator "NA RC"]
[PlyCount "129"]
[EventDate "2022.06.23"]
[EventType "swiss"]
[EventCountry "SVK"]
[SourceTitle "playchess.com"]
[Source "ChessBase"]
[SourceQuality "1"]
[TimeControl "3600+30"]

1. e4 c5 2. Nf3 Nc6 3. Nc3 g6 4. d4 cxd4 5. Nxd4 Bg7 6. Nxc6 bxc6 7. Bc4 e6 8. O-O d5 9. Bd3 Ne7 10. Qe2 O-O 11. Na4 Qd6 12. Bd2 c5 13. c4 d4 14. b3 e5 15. Rad1 Bd7 16. Nb2 Rae8 17. h3 f5 18. Rfe1 f4 19. Qf3 g5 20. Be2 Rf6 21. Qh5 Ref8 22. Qxg5 Bxh3 23. Bh5 Bd7 24. Nd3 Rh6 25. b4 Kh8 26. bxc5 Qe6 27. Nb4 Ng8 28. Nd5 Rff6 29. Ba5 f3 30. Rd3 Rfg6 31. Bxg6 Rxg6 32. Qh4 Rxg2+ 33. Kf1 Rg4 34. Qh1 Qg6 35. Rxf3 Rxe4 36. Rg3 Rg4 37. Qg2 Nh6 38. Bd2 e4 39. Rxg4 Bxg4 40. Nf4 Qf5 41. Qxe4 Qxc5 42. Qd5 Qc8 43. f3 Bh3+ 44. Nxh3 Qxh3+ 45. Ke2 Ng8 46. Kd1 h6 47. Bf4 Nf6 48. Qa8+ Kh7 49. Be5 d3 50. Bxf6 Bxf6 51. Qe4+ Kg7 52. Qg4+ Qxg4 53. fxg4 Bg5 54. c5 d2 55. Re6 Kf7 56. Ra6 Be3 57. Rxa7+ Kg6 58. Ra4 Bxc5 59. Kxd2 Be7 60. Ke3 h5 61. gxh5+ Kxh5 62. Re4 Ba3 63. Kd3 Kg5 64. Kc3 Kf5 65. Re8 1-0

[Event "LJ Slovak Open 2022"]
[Site "Liptovsky Jan"]
[Date "2022.06.25"]
[Round "5.17"]
[White "Giertli, Vladimir"]
[Black "Zeman, Jan"]
[Result "1-0"]
[ECO "A06"]
[WhiteElo "1988"]
[BlackElo "1726"]
[Annotator "NA RC"]
[PlyCount "61"]
[EventDate "2022.06.23"]
[EventType "swiss"]
[EventCountry "SVK"]
[SourceTitle "playchess.com"]
[Source "ChessBase"]
[SourceQuality "1"]
[TimeControl "3600+30"]

1. b3 d5 2. Bb2 c5 3. e3 a6 4. Nf3 Nc6 5. d4 Bg4 6. dxc5 e5 7. Be2 Bxf3 8. Bxf3 Nf6 9. g4 Bxc5 10. g5 Ne4 11. h4 f5 12. gxf6 Nxf6 13. Nd2 e4 14. Bh5+ g6 15. Be2 Rg8 16. h5 d4 17. hxg6 hxg6 18. Bc4 Kd7 19. Bxg8 Qxg8 20. exd4 Bd6 21. Nc4 Re8 22. Qe2 Bf4 23. Ne3 g5 24. O-O-O Nb4 25. Kb1 Rc8 26. Nc4 Kc7 27. Rh6 Nbd5 28. Ne5 Kb8 29. c4 Qg7 30. Rdh1 Nb4 31. Rxf6 1-0

[Event "LJ Slovak Open 2022"]
[Site "Liptovsky Jan"]
[Date "2022.06.25"]
[Round "5.18"]
[White "Straka, Simon"]
[Black "Bakalar, Jan"]
[Result "0-1"]
[ECO "A44"]
[WhiteElo "1523"]
[BlackElo "1916"]
[Annotator "NA RC"]
[PlyCount "98"]
[EventDate "2022.06.23"]
[EventType "swiss"]
[EventCountry "SVK"]
[SourceTitle "playchess.com"]
[Source "ChessBase"]
[SourceQuality "1"]
[TimeControl "3600+30"]

1. d4 c5 2. d5 e5 3. c4 d6 4. Nc3 Ne7 5. e4 Ng6 6. Nge2 Be7 7. Ng3 Bg5 8. Nf5 Bxc1 9. Rxc1 O-O 10. Nb5 Bxf5 11. exf5 Ne7 12. Bd3 f6 13. h4 a6 14. Nc3 Kh8 15. g4 Ng8 16. Ne4 b5 17. Qd2 bxc4 18. Bxc4 a5 19. g5 Qe7 20. Rc3 Nd7 21. Rg3 Nb6 22. Be2 Rfd8 23. h5 h6 24. gxh6 Nxh6 25. Rg6 Rf8 26. Rhg1 Nxf5 27. Bg4 Nh4 28. Be6 Nf3+ 29. Ke2 Nxd2 30. Kxd2 Nc4+ 31. Ke1 Qb7 32. h6 Qb4+ 33. Nc3 Ra7 34. hxg7+ Rxg7 35. Rxg7 Qxb2 36. R7g6 Qxc3+ 37. Ke2 Qc2+ 38. Ke1 Qb1+ 39. Ke2 Qxa2+ 40. Ke1 Qd2+ 41. Kf1 Qd1+ 42. Kg2 Qxg1+ 43. Kxg1 a4 44. Rh6+ Kg7 45. Rh4 Nb6 46. Kg2 f5 47. Rh3 e4 48. Rg3+ Kf6 49. f4 Ra8 0-1

[Event "LJ Slovak Open 2022"]
[Site "Liptovsky Jan"]
[Date "2022.06.25"]
[Round "5.19"]
[White "Korenova, Simona"]
[Black "Kulich, Filip"]
[Result "0-1"]
[ECO "D12"]
[WhiteElo "1895"]
[BlackElo "1682"]
[Annotator "NA RC"]
[PlyCount "96"]
[EventDate "2022.06.23"]
[EventType "swiss"]
[EventCountry "SVK"]
[SourceTitle "playchess.com"]
[Source "ChessBase"]
[SourceQuality "1"]
[TimeControl "3600+30"]

1. c4 c6 2. d4 d5 3. Nc3 Nf6 4. e3 Bf5 5. Nf3 e6 6. a3 a5 7. Be2 Nbd7 8. O-O Bd6 9. b3 O-O 10. Bb2 Rc8 11. c5 Bc7 12. b4 e5 13. b5 e4 14. Nd2 Re8 15. Re1 Nf8 16. b6 Bb8 17. Nb3 Qd7 18. Nxa5 Ng6 19. g3 Re7 20. Nb3 Bg4 21. Nd2 h5 22. Bxg4 Nxg4 23. h3 Nf6 24. Kg2 Qf5 25. Rh1 h4 26. g4 Qg5 27. Qe2 Re6 28. Nd1 Nh5 29. Kf1 Nf6 30. f4 exf3 31. Nxf3 Qh6 32. g5 Qh5 33. gxf6 Rxf6 34. Kg2 Re8 35. Qf1 Nf4+ 36. Kf2 Nd3+ 37. Ke2 Nxb2 38. Nxb2 Qf5 39. Nd2 Qc2 40. Qc1 Qf5 41. Nd1 Rg6 42. Rf1 Rg2+ 43. Rf2 Qxh3 44. Rxg2 Qxg2+ 45. Nf2 Bf4 46. Nf1 h3 47. Qe1 h2 48. Kd3 h1=Q 0-1

[Event "LJ Slovak Open 2022"]
[Site "Liptovsky Jan"]
[Date "2022.06.25"]
[Round "5.20"]
[White "Rucek, Peter"]
[Black "Ciglian, Michal"]
[Result "1-0"]
[ECO "D15"]
[WhiteElo "1899"]
[BlackElo "1704"]
[Annotator "NA RC"]
[PlyCount "79"]
[EventDate "2022.06.23"]
[EventType "swiss"]
[EventCountry "SVK"]
[SourceTitle "playchess.com"]
[Source "ChessBase"]
[SourceQuality "1"]
[TimeControl "3600+30"]

1. d4 c6 2. c4 d5 3. Nc3 Nf6 4. Nf3 a6 5. e3 b5 6. b3 Bg4 7. Be2 Nbd7 8. O-O e6 9. Qc2 Bb4 10. Bd2 O-O 11. Rfe1 Re8 12. a3 Ba5 13. a4 Bf5 14. Bd3 Bxd3 15. Qxd3 dxc4 16. bxc4 Nc5 17. Qc2 Bxc3 18. Bxc3 Nxa4 19. Bd2 Nb6 20. Ba5 Qb8 21. Ne5 Rc8 22. Reb1 Nbd7 23. Nd3 Nb6 24. Nc5 Nfd7 25. Bxb6 Nxb6 26. Nxa6 Qa7 27. c5 Na4 28. Nb4 Qc7 29. Nd3 Qa5 30. Ra3 Qd8 31. f4 Qd5 32. Nf2 g6 33. Ne4 Kg7 34. Nd6 Rh8 35. g4 f5 36. h3 fxg4 37. hxg4 h5 38. g5 h4 39. Qf2 h3 40. e4 1-0

[Event "LJ Slovak Open 2022"]
[Site "Liptovsky Jan"]
[Date "2022.06.25"]
[Round "5.21"]
[White "Smusz, Kamil"]
[Black "Petrik, Matus"]
[Result "1-0"]
[ECO "D00"]
[WhiteElo "1881"]
[BlackElo "1684"]
[Annotator "NA RC"]
[PlyCount "29"]
[EventDate "2022.06.23"]
[EventType "swiss"]
[EventCountry "SVK"]
[SourceTitle "playchess.com"]
[Source "ChessBase"]
[SourceQuality "1"]
[TimeControl "3600+30"]

1. d4 d5 2. Bf4 Nf6 3. e3 g6 4. Nc3 a6 5. h4 Bg7 6. Be2 Nbd7 7. Nf3 c5 8. Ne5 e6 9. Qd2 Qa5 10. a3 cxd4 11. exd4 Ng8 12. Qe3 Ne7 13. g4 Qb6 14. O-O-O Nc6 15. Nxd5 1-0

[Event "LJ Slovak Open 2022"]
[Site "Liptovsky Jan"]
[Date "2022.06.25"]
[Round "5.22"]
[White "Szaszak, Robert"]
[Black "Mydliar, Jan"]
[Result "1-0"]
[ECO "C50"]
[WhiteElo "1717"]
[BlackElo "1885"]
[Annotator "NA RC"]
[PlyCount "73"]
[EventDate "2022.06.23"]
[EventType "swiss"]
[EventCountry "SVK"]
[SourceTitle "playchess.com"]
[Source "ChessBase"]
[SourceQuality "1"]
[TimeControl "3600+30"]

1. e4 e5 2. Nf3 Nc6 3. Bc4 Bc5 4. d3 Nf6 5. Nc3 d6 6. h3 h6 7. Bd2 a6 8. a3 Ba7 9. Ne2 Ne7 10. Ng3 c6 11. Qc1 Qc7 12. Be3 Bxe3 13. fxe3 d5 14. Bb3 Be6 15. Nd2 O-O-O 16. O-O h5 17. exd5 Nexd5 18. e4 Nf4 19. Bxe6+ Nxe6 20. Ne2 Nh7 21. b4 g5 22. Nc4 Rhg8 23. Rf5 f6 24. Qe3 Kb8 25. a4 h4 26. b5 cxb5 27. axb5 Nc5 28. bxa6 Nxa6 29. Nc3 g4 30. hxg4 Rxg4 31. Nd5 Qc6 32. Rb1 Rd7 33. Rb6 Qa4 34. Nxf6 Nxf6 35. Rfxf6 Qxc2 36. Rf8+ Kc7 37. Rxb7+ 1-0

[Event "LJ Slovak Open 2022"]
[Site "Liptovsky Jan"]
[Date "2022.06.25"]
[Round "5.23"]
[White "Ziaran, Viliam"]
[Black "Janouskova, Eliska"]
[Result "1-0"]
[ECO "B22"]
[WhiteElo "1832"]
[BlackElo "1167"]
[Annotator "NA RC"]
[PlyCount "99"]
[EventDate "2022.06.23"]
[EventType "swiss"]
[EventCountry "SVK"]
[SourceTitle "playchess.com"]
[Source "ChessBase"]
[SourceQuality "1"]
[TimeControl "3600+30"]

1. e4 c5 2. c3 Nf6 3. e5 Nd5 4. Nf3 e6 5. d4 cxd4 6. cxd4 d6 7. Bb5+ Bd7 8. Bxd7+ Nxd7 9. exd6 Bxd6 10. O-O O-O 11. Nc3 N7f6 12. Re1 a6 13. Bg5 Qc7 14. Rc1 Nxc3 15. bxc3 Nd5 16. c4 Nf4 17. c5 Be7 18. Bxe7 Qxe7 19. d5 Qd7 20. d6 Qc6 21. g3 Nd5 22. Ne5 Qc8 23. Qb3 Rd8 24. c6 b5 25. d7 Qc7 26. Qf3 Nf6 27. g4 h6 28. h4 Rf8 29. Kg2 Rad8 30. Qg3 Nd5 31. Nd3 Rb8 32. a3 Qxg3+ 33. Kxg3 Nc7 34. Nc5 Kh7 35. Nb7 f5 36. gxf5 exf5 37. Rcd1 f4+ 38. Kf3 a5 39. d8=Q Rbxd8 40. Rxd8 Rf6 41. Nxa5 Kg6 42. Rd7 Ne6 43. Rxe6 Rxe6 44. c7 b4 45. axb4 h5 46. c8=Q Kh6 47. Rd8 Rf6 48. Rh8+ Kg6 49. Qe8+ Kf5 50. Rxh5+ 1-0

[Event "LJ Slovak Open 2022"]
[Site "Liptovsky Jan"]
[Date "2022.06.25"]
[Round "5.24"]
[White "Kasperek, Ryszard"]
[Black "Marcek, Jan"]
[Result "1-0"]
[ECO "C01"]
[WhiteElo "2068"]
[BlackElo "1588"]
[Annotator "NA RC"]
[PlyCount "36"]
[EventDate "2022.06.23"]
[EventType "swiss"]
[EventCountry "SVK"]
[SourceTitle "playchess.com"]
[Source "ChessBase"]
[SourceQuality "1"]
[TimeControl "3600+30"]

1. e4 e6 2. d4 d6 3. Nf3 Be7 4. Bd3 Nd7 5. O-O a6 6. Qe2 c5 7. c3 h6 8. e5 d5 9. Nbd2 c4 10. Bc2 b5 11. b3 Bb7 12. a4 Rc8 13. b4 Bc6 14. h3 g5 15. Nh2 Nf8 16. f4 h5 17. fxg5 Bd7 18. Nhf3 Nh6 1-0

[Event "LJ Slovak Open 2022"]
[Site "Liptovsky Jan"]
[Date "2022.06.25"]
[Round "5.25"]
[White "Chlpek, Daniel"]
[Black "Carnecka, Stella"]
[Result "1-0"]
[ECO "A08"]
[WhiteElo "2030"]
[BlackElo "1648"]
[Annotator "NA RC"]
[PlyCount "53"]
[EventDate "2022.06.23"]
[EventType "swiss"]
[EventCountry "SVK"]
[SourceTitle "playchess.com"]
[Source "ChessBase"]
[SourceQuality "1"]
[TimeControl "3600+30"]

1. Nf3 d5 2. g3 c5 3. Bg2 Bf5 4. O-O e6 5. c4 Nf6 6. cxd5 Nxd5 7. d3 Bg6 8. Ne5 Qf6 9. Qa4+ Kd8 10. Nf3 h6 11. Qb3 Qe7 12. d4 Nc6 13. Rd1 Ncb4 14. Na3 c4 15. Qa4 Qd7 16. Qxd7+ Kxd7 17. Ne5+ Kd8 18. Nxg6 fxg6 19. Nxc4 Rc8 20. Ne5 g5 21. Nf7+ Ke7 22. Nxh8 Kf6 23. e4 g6 24. exd5 exd5 25. Bd2 Kg7 26. Bxb4 Bxb4 27. Rac1 1-0

[Event "LJ Slovak Open 2022"]
[Site "Liptovsky Jan"]
[Date "2022.06.25"]
[Round "5.26"]
[White "Ambrozi, Peter"]
[Black "Mazak, Ryan"]
[Result "1-0"]
[ECO "A81"]
[WhiteElo "1994"]
[BlackElo "1575"]
[Annotator "NA RC"]
[PlyCount "69"]
[EventDate "2022.06.23"]
[EventType "swiss"]
[EventCountry "SVK"]
[SourceTitle "playchess.com"]
[Source "ChessBase"]
[SourceQuality "1"]
[TimeControl "3600+30"]

1. d4 f5 2. g3 Nf6 3. Bg2 e6 4. Nh3 d5 5. O-O c6 6. b3 Bd6 7. Bf4 O-O 8. c4 h6 9. Nd2 Ne4 10. Rc1 Kh7 11. f3 Nxd2 12. Qxd2 Bxf4 13. Nxf4 g5 14. Nh3 Nd7 15. f4 g4 16. Nf2 Nf6 17. cxd5 exd5 18. Nd3 Ne4 19. Bxe4 dxe4 20. Ne5 Be6 21. e3 Qe7 22. Rc5 Rad8 23. Rfc1 Rd5 24. b4 Rfd8 25. Qb2 h5 26. b5 Bd7 27. Rxd5 cxd5 28. Rc7 Qe8 29. Rxb7 Kg8 30. b6 axb6 31. Qxb6 Bc8 32. Rc7 Qe6 33. Rc6 Qe7 34. Rg6+ Kf8 35. Nc6 1-0

[Event "LJ Slovak Open 2022"]
[Site "Liptovsky Jan"]
[Date "2022.06.25"]
[Round "5.27"]
[White "Subjakova, Kristina"]
[Black "Kolesar, Peter"]
[Result "0-1"]
[ECO "C45"]
[WhiteElo "1623"]
[BlackElo "1969"]
[Annotator "NA RC"]
[PlyCount "62"]
[EventDate "2022.06.23"]
[EventType "swiss"]
[EventCountry "SVK"]
[SourceTitle "playchess.com"]
[Source "ChessBase"]
[SourceQuality "1"]
[TimeControl "3600+30"]

1. e4 e5 2. Nf3 Nc6 3. d4 exd4 4. Nxd4 Nf6 5. Nxc6 bxc6 6. e5 Qe7 7. Qe2 Nd5 8. c4 Nb6 9. b3 Qe6 10. Bb2 Bb4+ 11. Nc3 O-O 12. O-O-O Re8 13. Re1 a5 14. a4 d5 15. exd6 Qh6+ 16. Qd2 Rxe1+ 17. Kc2 Qxd2+ 18. Kxd2 Re8 19. dxc7 Ra7 20. Kc2 Bf5+ 21. Bd3 Bxd3+ 22. Kxd3 Rxc7 23. Rd1 Rd7+ 24. Kc2 Rxd1 25. Kxd1 f5 26. Kd2 Nd7 27. Kd3 Nc5+ 28. Kc2 Kf7 29. h3 h5 30. h4 g6 31. g3 Re1 0-1

[Event "LJ Slovak Open 2022"]
[Site "Liptovsky Jan"]
[Date "2022.06.25"]
[Round "5.28"]
[White "Kaminsky, Ladislav"]
[Black "Gajdosik, Marian"]
[Result "1/2-1/2"]
[ECO "A41"]
[WhiteElo "1615"]
[BlackElo "1902"]
[Annotator "NA RC"]
[PlyCount "109"]
[EventDate "2022.06.23"]
[EventType "swiss"]
[EventCountry "SVK"]
[SourceTitle "playchess.com"]
[Source "ChessBase"]
[SourceQuality "1"]
[TimeControl "3600+30"]

1. Nf3 d6 2. d4 Nd7 3. c4 e5 4. e4 h6 5. Be3 Qf6 6. Nc3 c6 7. d5 Ne7 8. Be2 Ng6 9. O-O Be7 10. h3 O-O 11. Nh2 Nf4 12. Qd2 Nxe2+ 13. Nxe2 Qg6 14. Ng3 Nf6 15. Qc2 h5 16. Nf3 Nh7 17. Nh2 h4 18. Nf5 Bxf5 19. exf5 Qh5 20. Qe4 g6 21. fxg6 Qxg6 22. Qxg6+ fxg6 23. dxc6 bxc6 24. Ng4 Bg5 25. Rad1 Bxe3 26. fxe3 Rxf1+ 27. Kxf1 Rd8 28. Ke2 e4 29. Rf1 Kg7 30. Rf4 d5 31. Ne5 Nf6 32. Nxc6 Rd6 33. Na5 Ra6 34. b4 dxc4 35. Kd2 Rd6+ 36. Kc2 c3 37. Nc4 Rd5 38. Kxc3 Rg5 39. Rf2 Nd5+ 40. Kb3 Rg3 41. a4 Nxe3 42. Nxe3 Rxe3+ 43. Kc4 Re1 44. a5 e3 45. Rc2 e2 46. Kd3 Rb1 47. Kxe2 Rxb4 48. Rc7+ Kf6 49. Rxa7 Kg5 50. a6 Ra4 51. Ra8 Ra2+ 52. Kf3 Ra3+ 53. Kf2 Ra2+ 54. Kf3 Ra3+ 55. Kf2 1/2-1/2

[Event "LJ Slovak Open 2022"]
[Site "Liptovsky Jan"]
[Date "2022.06.25"]
[Round "5.29"]
[White "Mikula, Maciej"]
[Black "Goga, Frantisek"]
[Result "0-1"]
[ECO "A04"]
[WhiteElo "1567"]
[BlackElo "1900"]
[Annotator "NA RC"]
[PlyCount "76"]
[EventDate "2022.06.23"]
[EventType "swiss"]
[EventCountry "SVK"]
[SourceTitle "playchess.com"]
[Source "ChessBase"]
[SourceQuality "1"]
[TimeControl "3600+30"]

1. e4 c5 2. Nf3 d6 3. d3 Nc6 4. g3 g6 5. Bg2 Bg7 6. O-O e6 7. Re1 Nge7 8. Nbd2 a6 9. Nf1 O-O 10. c3 b5 11. h4 b4 12. d4 bxc3 13. bxc3 Rb8 14. N1h2 cxd4 15. cxd4 Bd7 16. Ba3 Nc8 17. e5 Qa5 18. Qd3 Rd8 19. Ng4 dxe5 20. dxe5 Nb4 21. Bxb4 Rxb4 22. Qd2 Be8 23. Qg5 h5 24. Nf6+ Bxf6 25. Qxf6 Rd7 26. Rad1 Rbb7 27. Ng5 Ra7 28. Bh3 Re7 29. Nxe6 fxe6 30. Bxe6+ Kh7 31. Bxc8 Rf7 32. Qg5 Qc5 33. Qe3 Qxc8 34. e6 Rfe7 35. Rd7 Rc7 36. Red1 Bxd7 37. exd7 Rcxd7 38. Rxd7 Qxd7 0-1

[Event "LJ Slovak Open 2022"]
[Site "Liptovsky Jan"]
[Date "2022.06.25"]
[Round "5.30"]
[White "Skutil, Frantisek Elias"]
[Black "Rak, Martin"]
[Result "0-1"]
[ECO "C11"]
[WhiteElo "1552"]
[BlackElo "1849"]
[Annotator "NA RC"]
[PlyCount "42"]
[EventDate "2022.06.23"]
[EventType "swiss"]
[EventCountry "SVK"]
[SourceTitle "playchess.com"]
[Source "ChessBase"]
[SourceQuality "1"]
[TimeControl "3600+30"]

1. e4 e6 2. d4 d5 3. Nc3 Nf6 4. e5 Nfd7 5. Nge2 c5 6. f4 Nc6 7. Be3 Qb6 8. Rb1 cxd4 9. Bxd4 Nxd4 10. Qxd4 Bc5 11. Qd3 Bf2+ 12. Kd1 O-O 13. g4 Nc5 14. Qf3 Ne4 15. g5 Bd7 16. h4 Bc6 17. Bg2 Be3 18. Ke1 Nd2 19. Qh3 Nxb1 20. Nxb1 d4 21. b3 Qa5+ 0-1

[Event "LJ Slovak Open 2022"]
[Site "Liptovsky Jan"]
[Date "2022.06.25"]
[Round "5.31"]
[White "Janik, Marek Tobias"]
[Black "Bilik, Matej"]
[Result "1-0"]
[ECO "A25"]
[WhiteElo "1840"]
[BlackElo "1553"]
[Annotator "NA RC"]
[PlyCount "51"]
[EventDate "2022.06.23"]
[EventType "swiss"]
[EventCountry "SVK"]
[SourceTitle "playchess.com"]
[Source "ChessBase"]
[SourceQuality "1"]
[TimeControl "3600+30"]

1. c4 e5 2. Nc3 Nc6 3. g3 Bc5 4. Bg2 a6 5. e3 d6 6. Nge2 Ba7 7. O-O h5 8. d4 h4 9. d5 Nce7 10. e4 Ng6 11. Qd3 hxg3 12. Qxg3 Nf6 13. Bg5 Bd7 14. Kh1 Nh5 15. Bxd8 Nxg3+ 16. fxg3 Rxd8 17. Ng1 Ke7 18. Nf3 f6 19. b4 Rh7 20. Rac1 Rdh8 21. Rc2 f5 22. exf5 Bxf5 23. Rd2 Kd8 24. Re1 Nf8 25. Ne4 Bxe4 26. Rxe4 1-0

[Event "LJ Slovak Open 2022"]
[Site "Liptovsky Jan"]
[Date "2022.06.25"]
[Round "5.32"]
[White "Janouskova, Adela"]
[Black "Harvan, Tomas"]
[Result "0-1"]
[ECO "B12"]
[WhiteElo "1498"]
[BlackElo "1853"]
[Annotator "NA RC"]
[PlyCount "98"]
[EventDate "2022.06.23"]
[EventType "swiss"]
[EventCountry "SVK"]
[SourceTitle "playchess.com"]
[Source "ChessBase"]
[SourceQuality "1"]
[TimeControl "3600+30"]

1. e4 c6 2. d4 d5 3. e5 c5 4. c3 Nc6 5. Nf3 Bg4 6. Be3 cxd4 7. cxd4 e6 8. Nc3 Nge7 9. h3 Bxf3 10. Qxf3 Nf5 11. O-O-O Be7 12. g4 Nxe3 13. fxe3 Qa5 14. Bd3 O-O 15. g5 g6 16. h4 Nb4 17. Bb1 Rac8 18. Kd2 Qb6 19. Kc1 Nxa2+ 20. Bxa2 Rxc3+ 21. bxc3 Ba3+ 22. Kd2 Qb2+ 23. Ke1 Qxa2 24. h5 Be7 25. Qh3 Bxg5 26. hxg6 h6 27. gxf7+ Rxf7 28. Rf1 Qc2 29. Rxf7 Qxc3+ 30. Ke2 Kxf7 31. Qf3+ Kg7 32. Rd3 Qc2+ 33. Rd2 Qc4+ 34. Rd3 a5 35. Kd2 a4 36. Qd1 b5 37. Qc2 h5 38. Qxc4 dxc4 39. Rc3 h4 40. Rc1 a3 41. Kc2 Bxe3 42. Rd1 b4 43. d5 exd5 44. Rxd5 b3+ 45. Kc3 b2 46. Rd1 Bc1 47. Kc2 a2 48. Rg1+ Kf7 49. Rf1+ Ke7 0-1

[Event "LJ Slovak Open 2022"]
[Site "Liptovsky Jan"]
[Date "2022.06.25"]
[Round "5.33"]
[White "Koska, Jiri"]
[Black "Szaszak, Lukas"]
[Result "1-0"]
[ECO "A26"]
[WhiteElo "1759"]
[BlackElo "1454"]
[Annotator "NA RC"]
[PlyCount "73"]
[EventDate "2022.06.23"]
[EventType "swiss"]
[EventCountry "SVK"]
[SourceTitle "playchess.com"]
[Source "ChessBase"]
[SourceQuality "1"]
[TimeControl "3600+30"]

1. Nf3 Nc6 2. g3 Nf6 3. Bg2 g6 4. O-O Bg7 5. c4 d6 6. Nc3 e5 7. d3 O-O 8. a3 a6 9. Qc2 Be6 10. b4 Ne7 11. Bg5 h6 12. Bxf6 Bxf6 13. Nd2 Rb8 14. a4 b6 15. Rfb1 c6 16. c5 d5 17. e3 Qd7 18. Ne2 Bg7 19. Rb2 f5 20. d4 e4 21. Nb3 Bf6 22. cxb6 Rxb6 23. Nc5 Qc8 24. a5 Rb8 25. Nc3 Bf7 26. N3a4 g5 27. Nb6 Qd8 28. Nbd7 Bg7 29. Nxb8 Qxb8 30. Nd7 Qc8 31. Nxf8 Bxf8 32. Bf1 Ng6 33. Qe2 f4 34. Qxa6 Qd7 35. Rc1 Be8 36. Qb6 f3 37. a6 1-0

[Event "LJ Slovak Open 2022"]
[Site "Liptovsky Jan"]
[Date "2022.06.25"]
[Round "5.34"]
[White "Mrkvik, Jan"]
[Black "Pisarcik, Richard"]
[Result "1-0"]
[ECO "D02"]
[WhiteElo "1810"]
[BlackElo "1343"]
[Annotator "NA RC"]
[PlyCount "85"]
[EventDate "2022.06.23"]
[EventType "swiss"]
[EventCountry "SVK"]
[SourceTitle "playchess.com"]
[Source "ChessBase"]
[SourceQuality "1"]
[TimeControl "3600+30"]

1. d4 Nf6 2. Bf4 d5 3. Nf3 g6 4. e3 Bg7 5. Bd3 O-O 6. h4 b6 7. Nbd2 Bb7 8. h5 Nxh5 9. Rxh5 gxh5 10. Ng5 f5 11. Qxh5 h6 12. Ne6 Qe8 13. Qxe8 Rxe8 14. Nxc7 Rf8 15. Nxa8 Bxa8 16. Bxb8 Rxb8 17. Bxf5 Re8 18. c3 e5 19. dxe5 Bxe5 20. O-O-O Kh8 21. Rh1 Kg7 22. Nf3 Rf8 23. Bc2 Bc7 24. Rd1 Bb8 25. Bb3 d4 26. Nxd4 Rxf2 27. Ne6+ Kg6 28. Rd8 Rf1+ 29. Kd2 Rf2+ 30. Ke1 Rxb2 31. Rxb8 Bxg2 32. Nf4+ Kf5 33. Rf8+ Ke4 34. Bd5+ Kxe3 35. Nxg2+ Kd3 36. Rf3+ Kc2 37. Be4+ Kc1 38. Nf4 Rb5 39. Nd3+ Kb1 40. Rf2 Ka1 41. Rd2 h5 42. a4 Rg5 43. Nb4 1-0

[Event "LJ Slovak Open 2022"]
[Site "Liptovsky Jan"]
[Date "2022.06.25"]
[Round "5.35"]
[White "Lacko, Stanislav"]
[Black "Kukan, Michal"]
[Result "0-1"]
[ECO "C30"]
[WhiteElo "1462"]
[BlackElo "1767"]
[Annotator "NA RC"]
[PlyCount "76"]
[EventDate "2022.06.23"]
[EventType "swiss"]
[EventCountry "SVK"]
[SourceTitle "playchess.com"]
[Source "ChessBase"]
[SourceQuality "1"]
[TimeControl "3600+30"]

1. e4 e5 2. Nc3 Nf6 3. f4 d6 4. Nf3 Nc6 5. Bb5 Bd7 6. d3 Be7 7. O-O O-O 8. Be3 exf4 9. Bxf4 a6 10. Bxc6 Bxc6 11. Nd4 Bd7 12. Qf3 Bg4 13. Qg3 Qd7 14. h3 Be6 15. Qf3 c5 16. Nde2 d5 17. e5 Ne8 18. Qg3 b5 19. Bg5 Bxg5 20. Qxg5 b4 21. Nd1 h6 22. Qg3 f6 23. Ne3 f5 24. Nf4 d4 25. Nxe6 Qxe6 26. Nc4 Ra7 27. Rf2 Nc7 28. Raf1 Nd5 29. Qf3 g6 30. Qe2 Re8 31. Nd6 Ree7 32. Nc4 f4 33. Qe4 Kg7 34. b3 g5 35. Qf3 Ne3 36. Re1 Qg6 37. Nxe3 dxe3 38. Qd5 exf2+ 0-1

[Event "LJ Slovak Open 2022"]
[Site "Liptovsky Jan"]
[Date "2022.06.25"]
[Round "5.36"]
[White "Ropovik, Samuel"]
[Black "Vastik, Lukas"]
[Result "1/2-1/2"]
[ECO "C47"]
[WhiteElo "1453"]
[BlackElo "1738"]
[Annotator "NA RC"]
[PlyCount "77"]
[EventDate "2022.06.23"]
[EventType "swiss"]
[EventCountry "SVK"]
[SourceTitle "playchess.com"]
[Source "ChessBase"]
[SourceQuality "1"]
[TimeControl "3600+30"]

1. e4 e5 2. Nf3 Nc6 3. Nc3 Nf6 4. d4 exd4 5. Nxd4 Bb4 6. Nxc6 Bxc3+ 7. bxc3 bxc6 8. Bd3 Qe7 9. O-O Qe5 10. Bd2 d6 11. f4 Qc5+ 12. Kh1 Ng4 13. Qe2 O-O 14. h3 Nf6 15. Rae1 Qh5 16. Qf2 Nd7 17. Re3 Qc5 18. Qh4 Re8 19. Rfe1 Nf8 20. e5 Bd7 21. R1e2 Rab8 22. Qe1 dxe5 23. Rxe5 Rxe5 24. Rxe5 Qd6 25. Re4 c5 26. Re5 Bc6 27. Qe3 Nd7 28. Re8+ Rxe8 29. Qxe8+ Nf8 30. Qe2 Qd7 31. Kh2 Qd6 32. Kh1 Qd7 33. Kh2 Qd5 34. Bc4 Qf5 35. Bd3 Qd5 36. Bc4 Qf5 37. Bd3 Qd5 38. Bc4 Qf5 39. Bd3 1/2-1/2